 Dungeon Crawl Stone Soup version 0.20-a0-739-g6bb112f (webtiles) character file.

10 polly the Slasher (level 2, 20/22 HPs)
             Began as a Demonspawn Gladiator on Feb 24, 2017.
             Quit the game on level 1 of the Dungeon.
             The game lasted 00:00:51 (412 turns).

polly the Slasher (Demonspawn Gladiator)             Turns: 412, Time: 00:00:52

Health: 20/22      AC:  3    Str: 14    XL:     2   Next: 10%
Magic:  2/2        EV: 12    Int:  9    God:
Gold:   5          SH:  0    Dex: 14    Spells: 1/1 levels left

rFire    . . .     SeeInvis .   (no weapon)
rCold    . . .     Gourm    .   b - +0 leather armour
rNeg     . . .     Faith    .   (no shield)
rPois    .         Spirit   .   (helmet restricted)
rElec    .         Reflect  .   (no cloak)
rCorr    .         Harm     .   (no gloves)
MR       .....                  (no boots)
Stlth    +.........             (no amulet)
Regen    0.1/turn               (no ring)
MPRegen  0.1/turn               (no ring)

@: no status effects
A: antennae 1
a: no special abilities


You were on level 1 of the Dungeon.
You were not hungry.

You visited 1 branch of the dungeon, and saw 1 of its levels.

You collected 5 gold pieces.

Inventory:

Hand Weapons
 a - a +0 long sword
Missiles
 d - 3 throwing nets (quivered)
Armour
 b - a +0 leather armour (worn)
 c - a +0 helmet
Potions
 e - a potion of degeneration {unknown}
 g - a potion of agility {unknown}
Comestibles
 f - a bread ration


   Skills:
 + Level 2.2 Fighting
 + Level 3.0 Long Blades
 + Level 1.7 Throwing
 + Level 0.3 Armour
 + Level 2.7 Dodging


You had one spell level left.
You didn't know any spells.

Dungeon Overview and Level Annotations

Branches:
Dungeon (1/15)

Altars:


Innate Abilities, Weirdness & Mutations

You have a pair of small antennae on your head.


Message History

The hobgoblin hits you.
The goblin shouts!
You slash the hobgoblin!
You kill the hobgoblin!
You have reached level 2!
Your demonic ancestry asserts itself...
A pair of antennae grows on your head!
Your +0 helmet falls away!
The rat misses you.
You riposte.
You barely miss the rat. You barely miss the rat. The rat closely misses you.
You closely miss the goblin. The rat completely misses you.
The goblin barely misses you.
You riposte.
You slash the goblin!
You kill the goblin!
Are you sure you want to abandon this character and quit the game? (Confirm with "yes".)
Okay, then.
You are now empty-handed.
The rat misses you.
Unknown command.
Unknown command.
Unknown command.
Are you sure you want to abandon this character and quit the game? (Confirm with "yes".)

#. #.##
##.####...###
............
#........#
####.......#
.%.........#
#...r...# #.#
#..)@$..# #.#
#....(.(#####.###
#................
......#.####.(##.##
.####.#.# #..##.#
#.
#.#.####..##.####
#. #
...[..........###.
#...........).##..
#..###..#.##).##..


You could see a rat.

Vanquished Creatures
  A goblin (D:1)
  5 hobgoblins (D:1)
  A kobold (D:1)
  A frilled lizard (D:1)
8 creatures vanquished.

Vanquished Creatures (others)
  3 minotaurs (D:1)
  A gargoyle (D:1)
  A vine stalker (D:1)
  2 elves (D:1)
  A vampire (D:1)
  A human (D:1)
  2 dwarves (D:1)
  A centaur (D:1)
  4 tentacles (D:1)
16 creatures vanquished.

Grand Total: 24 creatures vanquished

Notes
Turn   | Place    | Note
-------+----------+-------------------------------------------
     0 | D:1      | polly the Demonspawn Gladiator began the quest for the Orb.
     0 | D:1      | Reached XP level 1. HP: 16/16 MP: 1/1
     0 | D:1      | Noticed a minotaur
     0 | D:1      | Noticed a minotaur
     0 | D:1      | Noticed a human
     0 | D:1      | Noticed an elf
     0 | D:1      | Noticed a centaur
     0 | D:1      | Noticed a dwarf
     0 | D:1      | Noticed a dwarf
     0 | D:1      | Noticed a kraken
     0 | D:1      | Noticed a minotaur
     0 | D:1      | Noticed a vampire
     0 | D:1      | Noticed a gargoyle
     0 | D:1      | Noticed a vine stalker
     0 | D:1      | Noticed an elf
     3 | D:1      | Killed a gargoyle
     6 | D:1      | Killed an elf
    12 | D:1      | Killed a human
    12 | D:1      | Killed a dwarf
    12 | D:1      | Killed a minotaur
    13 | D:1      | Killed a centaur
    13 | D:1      | Killed a vine stalker
    14 | D:1      | Killed a vampire
    15 | D:1      | Killed a minotaur
    18 | D:1      | Killed a minotaur
    18 | D:1      | Killed an elf
    19 | D:1      | Killed a dwarf
   188 | D:1      | Reached skill level 3 in Long Blades
   407 | D:1      | Gained mutation: You have a pair of small antennae on your head. [demonic ancestry]
   407 | D:1      | Reached XP level 2. HP: 20/22 MP: 2/2
   412 | D:1      | Quit the game

Vault maps used:
D:1:      nicolae_arrival_kraken_aquarium_a, cheibriados_altar_1

Skill      XL: |  1 |
---------------+----+-----
Long Blades    | 3 |  3.0
Fighting       | |  2.2
Throwing       | |  1.7
Armour         | |  0.3
Dodging        | |  2.7

Action                   || total
-------------------------++-------
Melee: Long sword        ||    20
Armor: Leather armour    ||     4
Dodge: Dodged            ||    11
       Rpst.: Long sword ||     3
